 Dungeon Crawl Stone Soup version 0.31-a0-795-g5eb97db20b (webtiles) character file.

Game seed: 10965043468512137234

4 cforsyth the Sneak (level 1, -11/20 HPs)
             Began as a Djinni Delver on Sept 19, 2023.
             Mangled by a mummy (14 damage)
             ... in an ossuary.
             The game lasted 00:00:31 (93 turns).

cforsyth the Sneak (Djinni Delver)                    Turns: 93, Time: 00:00:31

Health: -11/20     AC:  3    Str: 11    XL:     1   Next: 77%
Gold:   0          EV: 11    Int: 11    God:
                   SH:  4    Dex: 14

rFire   + + .        a - +0 falchion
rCold   x . .        h - +0 buckler
rNeg    . . .        b - +0 leather armour
rPois   ∞            (no helmet)
rElec   .            (no cloak)
rCorr   .            (no gloves)
SInv    .            (boots unavailable)
Will    .....        (no amulet)
Stlth   ++           (no ring)
HPRegen 0.23/turn    (no ring)
MPRegen 0.00/turn

%: infuse magic (-12 HP)
@: flying, hasted, very quick
A: sickness immunity, fire resistance 2, cold vulnerability 1, float, innate
caster, HP casting, extra vitality 1
a: no special abilities


You were in an ossuary.
You visited 1 branch of the dungeon, and saw 1 of its levels.
You also visited: Ossuary.

Inventory:

Hand Weapons
 a - a +0 falchion (weapon)
Armour
 b - a +0 leather armour (worn)
 h - a +0 buckler (worn)
Wands
 g - a wand of digging (3)
Scrolls
 c - a scroll of fog
 d - a scroll of revelation
 e - a scroll of fear


   Skills:
 + Level 3.1 Fighting
 - Level 1.7 Long Blades
 - Level 2.1 Dodging
 - Level 4.1 Stealth
 + Level 0.2 Spellcasting
 + Level 0.2 Conjurations
 + Level 0.2 Hexes
   Level 0.0 Charms
 + Level 0.2 Summonings
 + Level 0.2 Necromancy
 + Level 0.2 Translocations
 + Level 0.2 Transmutations
 + Level 0.2 Fire Magic
 + Level 0.2 Ice Magic
 + Level 0.2 Air Magic
 + Level 0.2 Earth Magic
 + Level 0.2 Poison Magic You didn't know any spells. Your spell library was empty.

Dungeon Overview and Level Annotations

Branches:
Dungeon (5/15)            Ossuary (1/1)
 Temple: D:4-7

Altars:


Innate Abilities, Weirdness & Mutations

You are immune to sickness and miasma.
You are immune to poison.
Your flesh is very heat resistant. (rF++)
You are vulnerable to cold. (rC-)
You float through the air rather than walking.
You learn spells naturally, not from books.
Your magical power is your life essence.
You have superior vitality. (+4 MHP)


Message History

You block the orc skeleton's attack. You block the kobold skeleton's attack.
You closely miss the mummy. The orc skeleton hits you.
The mummy barely misses you.
The kobold skeleton hits you but does no damage.
You hit the mummy.
The mummy is lightly damaged.
The orc skeleton misses you. The mummy hits you!
Ouch! That really hurt!
* * * LOW HITPOINT WARNING * * *
The kobold skeleton hits you but does no damage.
You are too injured to fight recklessly!
You are too injured to fight recklessly!
You are too injured to fight recklessly!
You are too injured to fight recklessly!
You are too injured to fight recklessly!
You are too injured to fight recklessly!
You are too injured to fight recklessly!
You are too injured to fight recklessly!
You barely miss the mummy.
The mummy is lightly damaged.
The orc skeleton barely misses you. The mummy closely misses you.
The kobold skeleton hits you but does no damage.
You barely miss the mummy.
The mummy is lightly damaged.
You block the orc skeleton's attack. The kobold skeleton closely misses you.
The orc skeleton hits you.
* * * LOW HITPOINT WARNING * * *
You block the mummy's attack.
You closely miss the mummy.
The mummy is lightly damaged.
The kobold skeleton closely misses you.
The orc skeleton hits you but does no damage.
Unknown command.
Unknown command.
Unknown command.
Okay, then.
Okay, then.
You feel yourself speed up. The mummy hits you!
Ouch! That really hurt!
You die... #+++# #...# +...+ #...# #...# #MZZ#

#.@.# #...#
#...# #...#
##'''##
##.....##
###.......####
W▓...∩.∩...▓W#
###.......####


You could see a mummy, a kobold skeleton and an orc skeleton.

Vanquished Creatures
  A gnoll skeleton (Ossuary)
  2 kobold skeletons (Ossuary)
  4 orc skeletons (Ossuary)
7 creatures vanquished.

Notes
Turn   | Place    | Note
-------+----------+-------------------------------------------
     0 | D:5      | cforsyth the Djinni Delver began the quest for the Orb.
     0 | D:5      | Reached XP level 1. HP: 20/20 MP: 0/0
    29 | D:5      | Found a sand-covered staircase.
    34 | Ossuary  | Entered an ossuary
    34 | Ossuary  | Noticed a wraith
    34 | Ossuary  | Noticed a wraith
    34 | Ossuary  | Noticed a wraith
    93 | Ossuary  | Mangled by a mummy

Illustrated notes

Levels and vault maps discovered:
D:5:      minmay_opposing_rooms, layout_rooms, mainiacjoe_overflow_catwalk,
          enter_ossuary_5
Ossuary:  ossuary_due_mausoleum

Action                     || total
---------------------------++-------
  Melee: Falchion          ||    28
    Use: Potion            ||     1
 Armour: Leather armour    ||    24
  Dodge: Dodged            ||    28
  Block: Buckler           ||    12

Table legend: (Time is in decaauts)
 A = Elapsed time spent in this place.
 B = Non-inter-level travel time spent in this place.
 C = Inter-level travel time spent in this place.
 D = Time resting spent in this place.
 E = Time spent auto-exploring this place.
 F = Levels seen in this place.
 G = Mean time per level.
                   A        B        C        D        E       F      G
               +--------+--------+--------+--------+--------+-----+--------+
         Total |    101 |    101 |      0 |      6 |      4 |   2 |   50.5 |
       Dungeon |     34 |     34 |      0 |      0 |      0 |   1 |   34.0 |
       Ossuary |     67 |     67 |      0 |      6 |      4 |   1 |   67.0 |
               +--------+--------+--------+--------+--------+-----+--------+

Top non-repeatable levels by time:
 Ossuary: 67 daAuts
     D:5: 34 daAuts
